 Dungeon Crawl Stone Soup version 0.22-a0-515-g75794bf (webtiles) character file.

208 inc the Conjurer (level 5, 0/28 HPs)
             Began as a Tengu Air Elementalist on June 19, 2018.
             Slain by a bullfrog (7 damage)
             ... on level 6 of the Dungeon.
             The game lasted 00:06:22 (2309 turns).

inc the Conjurer (Tengu Air Elementalist)           Turns: 2309, Time: 00:06:23

Health: 0/28       AC:  2    Str:  8    XL:     5   Next: 86%
Magic:  0/9        EV: 15    Int: 16    God:
Gold:   158        SH:  0    Dex: 15    Spells: 4/8 levels left

rFire    . . .     SeeInvis .   b - +0 short sword
rCold    . . .     Gourm    .   (no shield)
rNeg     . . .     Faith    .   a - +0 robe
rPois    .         Spirit   .   (helmet restricted)
rElec    .         Reflect  .   (no cloak)
rCorr    .         Harm     .   (no gloves)
MR       .....                  (boots unavailable)
Stlth    ++........             (no amulet)
HPRegen  0.09/turn              g - +2 ring of evasion
MPRegen  0.11/turn              i - ring of flight

@: no status effects
A: beak, talons 3, able to fly 1
a: Fly, Evoke Flight


You were on level 6 of the Dungeon.
You were very hungry.

You visited 1 branch of the dungeon, and saw 4 of its levels.

You collected 158 gold pieces.

Inventory:

Hand Weapons
 b - a +0 short sword (weapon)
 o - a +0 blowgun
 r - a -3 dagger
Missiles
 n - 16 poisoned needles
Armour
 a - a +0 robe (worn)
Jewellery
 f - an uncursed ring of teleportation
 g - a +2 ring of evasion (left hand)
 i - a ring of flight (right hand)
Scrolls
 e - a scroll of teleportation
 h - a scroll of remove curse
 m - 4 scrolls of identify
 q - a scroll of amnesia {unknown}
 s - a scroll of blinking {unknown}
 t - a scroll of magic mapping {unknown}
Potions
 d - a potion of degeneration {unknown}
 j - a potion of cancellation {unknown}
 k - a potion of haste {unknown}
 l - a potion of agility {unknown}
 p - a potion of curing
 u - a potion of might {unknown}
 v - a potion of mutation {unknown}
Comestibles
 c - a ration


   Skills:
 - Level 2.1 Dodging
 - Level 2.0 Stealth
 - Level 2.0 Spellcasting
 + Level 6.4 Conjurations
 + Level 5.3 Air Magic


You had 4 spell levels left.
You knew the following spells:

 Your Spells              Type           Power        Failure   Level  Hunger
a - Shock                 Conj/Air       ###.         1%          1    #......
b - Static Discharge      Conj/Air       ###.....     5%          3    ###....

Your spell library contained the following spells:

 Spells                   Type           Power        Failure   Level  Hunger
 Lightning Bolt           Conj/Air       ###.......   45%         5    ######.
 Swiftness                Chrm/Air       ##......     11%         2    ###....
 Airstrike                Air            ###.......   22%         4    #####..


Dungeon Overview and Level Annotations

Branches:
Dungeon (3/15)

Altars:
Wu Jian


Innate Abilities, Weirdness & Mutations

You have a beak for a mouth.
You have claws for feet.
You can fly.


Message History

Unknown command.
Casting: Static Discharge (safe; 5% risk of failure)
Confirm with . or Enter, or press ? or * to list all spells.
The bullfrog is struck by lightning.
The bullfrog is heavily wounded.
The lightning arcs!
You are struck by lightning.
The lightning grounds out.
The bullfrog hits you. The bullfrog barely misses you.
Unknown command.
Casting: Static Discharge (safe; 5% risk of failure)
Confirm with . or Enter, or press ? or * to list all spells.
The bullfrog is struck by lightning.
The bullfrog is almost dead.
The lightning arcs!
You are struck by lightning.
The lightning grounds out.
You are feeling very hungry.
The bullfrog hits you.
* * * LOW HITPOINT WARNING * * *
You closely miss the bullfrog. Your kick misses the bullfrog.
The bullfrog is almost dead.
The bullfrog barely misses you. The bullfrog hits you!
You die...

#### ..# #.# #.####
#....# . ##..#.####
#.##F@.#....######
.......#####........
###.##...#....###...
#......#.##.#
###....# .# #..###
.# #.......#
##+######


You could see a bullfrog.

Vanquished Creatures
  Natasha (thrice) (D:2)
  4 gnolls
  3 adders
  A worm (D:3)
  4 dart slugs
  3 leopard geckos
  3 orcs (D:3)
  2 goblins (D:1)
  6 hobgoblins
  2 jackals (D:2)
  9 bats
  4 frilled lizards
  10 kobolds
  4 rats
58 creatures vanquished.

Notes
Turn   | Place    | Note
-------+----------+-------------------------------------------
     0 | D:1      | inc the Tengu Air Elementalist began the quest for the Orb.
     0 | D:1      | Reached XP level 1. HP: 10/10 MP: 4/4
    68 | D:1      | Reached skill level 2 in Conjurations
   131 | D:1      | Reached XP level 2. HP: 10/15 MP: 0/6
   142 | D:1      | Reached skill level 3 in Conjurations
   504 | D:1      | Reached XP level 3. HP: 19/19 MP: 4/7
   724 | D:2      | Reached skill level 4 in Conjurations
   921 | D:2      | Noticed Natasha
   936 | D:2      | Killed Natasha
   936 | D:2      | Reached skill level 5 in Conjurations
   936 | D:2      | Reached XP level 4. HP: 12/24 MP: 0/8
  1112 | D:2      | Learned a level 3 spell: Static Discharge
  1119 | D:2      | Noticed Natasha
  1123 | D:2      | Killed Natasha
  1231 | D:1      | Gained mutation: You can fly. [Tengu growth]
  1231 | D:1      | Reached XP level 5. HP: 10/28 MP: 2/9
  1578 | D:2      | Noticed Natasha
  1585 | D:2      | Killed Natasha
  1585 | D:2      | Reached skill level 6 in Conjurations
  1819 | D:2      | Reached skill level 5 in Air Magic
  2152 | D:3      | Found an ornate altar of the Wu Jian Council.
  2256 | D:3      | You fall through a shaft for 3 floors!
  2309 | D:6      | Slain by a bullfrog

Vault maps used:
D:1:      saegor_arrival_simple_d
D:2:      minivault_23, uniq_natasha
D:3:      old_standard_altar, serial_forest, infiniplex_forest_clump_diagonal,
          infiniplex_forest_end_2, infiniplex_forest_lined_3_way,
          infiniplex_forest_zigzag_2, infiniplex_forest_clump_long,
          infiniplex_forest_clump_double, infiniplex_forest_clump_C,
          kennysheep_orc_chapel

Skill      XL: |  1  2  3  4  5 |
---------------+----------------+-----
Conjurations   | 2 3 5 6 |  6.4
Air Magic      | 5 |  5.3
Dodging        | |  2.1
Stealth        | |  2.0
Spellcasting   | |  2.0

Action                   |  1- 3 |  4- 6 || total
-------------------------+-------+-------++-------
Melee: Unarmed           |     8 |       ||     8
       Kick              |     4 |     1 ||     5
       Short sword       |    15 |    12 ||    27
       Peck              |     2 |       ||     2
 Cast: Shock             |    58 |    48 ||   106
       Static Discharge  |       |     8 ||     8
  Use: Scroll            |     1 |     1 ||     2
  Eat: Chunk             |       |     6 ||     6
Armor: Robe              |     5 |     2 ||     7
Dodge: Dodged            |    18 |    31 ||    49

Table legend:
 A = Spawn XP
 B = Non-spawn XP
 C = Spawn XP percentage of total XP
 D = Spawn monster count
 E = Non-spawn monster count
 F = Spawn count percentage of total count
 G = Total turns spent on level
                    A         B        C        D         E        F      G
               +---------+---------+-------+---------+---------+-------+---------
         Total |       0 |     298 |   0.0 |       0 |      58 |   0.0 |  2309
               +---------+---------+-------+---------+---------+-------+---------
           D:1 |       0 |      51 |   0.0 |       0 |      22 |   0.0 |   955
           D:2 |       0 |     220 |   0.0 |       0 |      31 |   0.0 |  1078
           D:3 |       0 |      14 |   0.0 |       0 |       4 |   0.0 |   223
           D:6 |       0 |      13 |   0.0 |       0 |       1 |   0.0 |    53
               +---------+---------+-------+---------+---------+-------+---------
